 Dungeon Crawl Stone Soup version 0.29-a0-344-ge2f44be95a (webtiles) character file.

Game seed: 6275796335032886969

17 Shayle the Sneak (level 2, 0/18 HPs)
             Began as a Tengu Brigand on Apr 22, 2022.
             Slain by a gnoll
             ... wielding a +0 flail
              (9 damage)
             ... on level 2 of the Dungeon.
             The game lasted 00:02:10 (635 turns).

Shayle the Sneak (Tengu Brigand)                     Turns: 635, Time: 00:02:11

Health: 0/18       AC:  3    Str: 11    XL:     2   Next: 62%
Magic:  3/3        EV: 10    Int: 11    God:
Gold:   77         SH:  7    Dex: 15    Spells: 1/1 levels left

rFire   . . .      SeeInvis .   a - +2 dagger
rCold   . . .      Faith    .   i - +0 kite shield
rNeg    . . .      Spirit   .   b - +0 robe
rPois   .          Reflect  .   (helmet restricted)
rElec   .          Harm     .   c - +0 cloak
rCorr   .          Rampage  .   (no gloves)
Will    .....                   (boots unavailable)
Stlth   +++.......              (no amulet)
HPRegen 0.06/turn               (no ring)
MPRegen 0.08/turn               (no ring)

@: no status effects
A: beak, talons 3
a: no special abilities


You were on level 2 of the Dungeon.
You visited 1 branch of the dungeon, and saw 2 of its levels.

You collected 77 gold pieces.

Inventory:

Hand Weapons
 a - a +2 dagger (weapon)
Missiles
 d - 9 poisoned darts (quivered)
 e - 3 curare-tipped darts
Armour
 b - a +0 robe (worn)
 c - a +0 cloak (worn)
 i - a +0 kite shield (worn)
Jewellery
 j - a ring of fire
Scrolls
 f - 4 scrolls of identify {unknown}
 h - a scroll of immolation {unknown}
 k - 2 scrolls of fear {unknown}
Potions
 g - a potion of curing {unknown}


   Skills:
 + Level 2.4 Fighting
 - Level 2.1 Short Blades
 - Level 2.0 Throwing
 + Level 1.8 Dodging
 + Level 4.3 Stealth


You had one spell level left.
You didn't know any spells.
Your spell library contained the following spells:

 Spells                   Type           Power      Damage    Failure   Level
 Sublimation of Blood     Necr           0%         N/A       89%         2
 Wereblood                Tmut           0%         N/A       89%         2
 Summon Hydra             Summ           0%         N/A       100%        7


Dungeon Overview and Level Annotations

Branches:
Dungeon (2/15)

Altars:

Shops:
D:1 !


Innate Abilities, Weirdness & Mutations

You have a beak for a mouth.
You have claws for feet.


Message History

There is a stone staircase leading down here.
You climb downwards.
Found 9 gold pieces.
There is a stone staircase leading up here.
Found 10 gold pieces.
You now have 67 gold pieces (gained 9).
A bat comes into view.
A ball python comes into view.
You block the bat's attack. You block the bat's attack.
You see here 10 gold pieces.
You now have 77 gold pieces (gained 10).
The bat closely misses you.
You hit the bat. Your kick misses the bat.
The bat is heavily wounded.
You block the bat's attack.
You hit the bat. Your kick misses the bat. You peck the bat.
You kill the bat!
Found a scroll labelled JIROTZ UFAP and a hunting sling.
k - 2 scrolls labelled JIROTZ UFAP (gained 1) 2 gnolls come into view.
A gnoll comes into view. It is wielding a +0 flail.
The gnoll misses you.
You completely miss the gnoll. You claw the gnoll, but do no damage.
You block the gnoll's attack.
You closely miss the gnoll. You claw the gnoll.
The gnoll is moderately wounded.
The gnoll closely misses you.
You closely miss the gnoll.
The gnoll is moderately wounded.
You block the gnoll's attack.
You hit the gnoll. You claw the gnoll.
The gnoll is severely wounded.
The gnoll hits you with a +0 flail!
Ouch! That really hurt!
You barely miss the gnoll.
The gnoll is severely wounded.
The gnoll hits you with a +0 flail!
Ouch! That really hurt!
You die...

.## #.# #)#
#.# ...g #.#
#.# ###
.g..##.#######
#........#
....##.######
g... #.# ..#
#.#
#..#.###.##
#....g@...#
#.##.###..# #
#..# #.###..#
#......#
#..###.# ...
#.# ## #.# #.#


You could see a gnoll.

Vanquished Creatures
  A dart slug (D:1)
  4 ball pythons (D:1)
  5 bats
  An endoplasm (D:1)
  A goblin (D:1)
  A frilled lizard (D:1)
  A kobold (D:1)
14 creatures vanquished.

Notes
Turn   | Place    | Note
-------+----------+-------------------------------------------
     0 | D:1      | Shayle the Tengu Brigand began the quest for the Orb.
     0 | D:1      | Reached XP level 1. HP: 12/12 MP: 2/2
    16 | D:1      | Found a faded altar of an unknown god.
   122 | D:1      | Reached XP level 2. HP: 17/17 MP: 3/3
   138 | D:1      | Found Soemel's Distillery.
   635 | D:2      | Slain by a gnoll

Illustrated notes

Levels and vault maps discovered:
D:1:      mainiacjoe_arrival_reflecting_pool, layout_basic, serial_shops,
          nicolae_shop_temple_entry_statues_fountains,
          ebering_ecumenical_altar_mist
D:2:      layout_loops_ring, serial_shops, nicolae_diamond_shop,
          grunt_ministairs_5

Action                   || total
-------------------------++-------
Melee: Dagger            ||    32
       Kick              ||     8
       Peck              ||     2
 Stab: Sleeping          ||     1
Armor: Robe              ||    11
Dodge: Dodged            ||     9
Block: Kite shield       ||    13

Table legend: (Time is in decaauts)
 A = Elapsed time spent in this place.
 B = Non-inter-level travel time spent in this place.
 C = Inter-level travel time spent in this place.
 D = Time resting spent in this place.
 E = Time spent auto-exploring this place.
 F = Levels seen in this place.
 G = Mean time per level.
                   A        B        C        D        E       F      G
               +--------+--------+--------+--------+--------+-----+--------+
         Total |    636 |    615 |     21 |      0 |    420 |   2 |  318.0 |
       Dungeon |    636 |    615 |     21 |      0 |    420 |   2 |  318.0 |
               +--------+--------+--------+--------+--------+-----+--------+

Top non-repeatable levels by time:
     D:1: 572 daAuts
     D:2: 63 daAuts
